 Dungeon Crawl Stone Soup version 0.30.1-9-gdf580d7c3d (webtiles) character file.

Game seed: 10772717013917940241

386 KittyFluff the Cudgeller (level 6, 0/39 HPs)
             Began as a Gargoyle Berserker on Oct 7, 2023.
             Was a Priest of Trog.
             Slain by a mummy (11 damage)
             ... in an ossuary.
             The game lasted 00:10:30 (2757 turns).

KittyFluff the Cudgeller (Gargoyle Berserker)       Turns: 2757, Time: 00:10:31

Health: 0/39       AC: 15    Str: 22    XL:     6   Next: 78%
Magic:  6/6        EV: 12    Int:  8    God:    Trog [***...]
Gold:   168        SH:  0    Dex:  9    Spells: 5/5 levels left

rFire   . . .        a - +0 mace
rCold   . . .        (no shield)
rNeg    + . .        f - +0 leather armour
rPois   ∞            (no helmet)
rElec   +            d - +1 cloak
rCorr   .            (no gloves)
SInv    .            n - +0 pair of boots
Will    .....        (no amulet)
Stlth   +            t - +4 ring of protection
HPRegen 0.26/turn    (no ring)
MPRegen 0.10/turn

%: no passive effects
@: no status effects
A: sickness immunity, AC +4, negative energy resistance 1, electricity
resistance, torment resistance 1, petrification resistance
a: Renounce Religion, Berserk, Trog's Hand


You were in an ossuary.
You worshipped Trog.
Trog was most pleased with you.
You visited 1 branch of the dungeon, and saw 4 of its levels.
You also visited: Ossuary.

You collected 168 gold pieces.

Inventory:

Hand Weapons
 a - a +0 mace (weapon)
 w - a +0 sling
Missiles
 g - 18 poisoned darts (quivered)
 h - 8 javelins
 y - 3 boomerangs
Armour
 d - a +1 cloak (worn)
 f - a +0 leather armour (worn)
 n - a +0 pair of boots (worn)
Jewellery
 t - a +4 ring of protection (left hand)
Wands
 i - a wand of mindburst (29)
 z - a wand of iceblast (8)
Scrolls
 b - a scroll of torment {unknown}
 c - a scroll of fear {unknown}
 e - a scroll of amnesia {unknown}
 j - 5 scrolls of teleportation {unknown}
 k - 3 scrolls of blinking
 l - a scroll of noise {unknown}
 o - 3 scrolls of enchant armour {unknown}
 q - a scroll of enchant weapon {unknown}
 s - a scroll of immolation {unknown}
 v - 2 scrolls of identify {unknown}
Potions
 m - 2 potions of might {unknown}
 p - 2 potions of berserk rage {unknown}
 r - a potion of attraction {unknown}
 u - 2 potions of heal wounds {unknown}
 x - a potion of curing {unknown}
 A - a potion of degeneration {unknown}


   Skills:
 + Level 4.3 Fighting
 * Level 4.9 Maces & Flails
 * Level 4.8 Armour
 + Level 2.6 Dodging


You had 5 spell levels left.
You didn't know any spells.
Your spell library was empty.

Dungeon Overview and Level Annotations

Branches:
Dungeon (4/15)            Ossuary (1/1)
 Temple: D:4-7

Altars:


Innate Abilities, Weirdness & Mutations

You are immune to sickness and miasma.
Your stone body is resilient. (AC +4)
You are immune to poison.
You resist negative energy. (rN+)
You are resistant to electric shocks. (rElec)
You are resistant to unholy torment.
You are immune to petrification.


Message History

The mummy is almost destroyed.
The mummy hits you but does no damage.
You hit the mummy.
You destroy the mummy!
Trog accepts your kill.
o - 3 scrolls labelled LUDELUENNI (gained 1)
There is an open door here.
You open the door.
An orc skeleton comes into view.
There is an open door here.
The orc skeleton misses you.
You hit the orc skeleton.
The orc skeleton is severely damaged.
The orc skeleton barely misses you.
You hit the orc skeleton.
You destroy the orc skeleton!
Trog accepts your kill.
You open the door.
A mummy comes into view.
Found a scroll labelled BODUNUI XUNWIZ.
The mummy hits you!
There is an open door here.
You hit the mummy.
The mummy is lightly damaged.
The mummy hits you but does no damage.
You hit the mummy but do no damage.
The mummy is lightly damaged.
You thump the mummy!
The mummy is heavily damaged.
The mummy hits you!
You hit the mummy but do no damage.
The mummy is heavily damaged.
The mummy hits you!
* * * LOW HITPOINT WARNING * * *
You barely miss the mummy.
The mummy is heavily damaged.
You completely miss the mummy.
The mummy is heavily damaged.
The mummy hits you!
You die...

#####.### ##
#..'....###
+.#
#.#####...##
#..# ##'##
###..##
#..#####...##
##..#
#.....'...'#
##'## ###
###.###...###
#...###∩# ###
##'##M#
+....'..#
#..@#
#...###∩#
#+..## ##+##
### ##..##
##..# ##+#


You could see a mummy.

Vanquished Creatures
  A black bear (D:3)
  A scorpion (D:3)
  The ghost of Nedac819 the Covered, a weakling DgFi (D:3)
  An orc priest (D:3)
  3 mummies (Ossuary)
  3 adders
  4 dart slugs
  11 orcs
  13 bats
  5 endoplasms
  2 hobgoblins
  2 jackals (D:2)
  6 kobolds
  3 quokkas
  6 ball pythons
  5 frilled lizards
  2 gnoll skeletons (Ossuary)
  9 goblins
  2 orc skeletons (Ossuary)
  3 rats (D:1)
83 creatures vanquished.

Notes
Turn   | Place    | Note
-------+----------+-------------------------------------------
     0 | D:1      | KittyFluff the Gargoyle Berserker began the quest for the
                  | Orb.
     0 | D:1      | Reached XP level 1. HP: 14/14 MP: 1/1
   145 | D:1      | Reached XP level 2. HP: 19/19 MP: 2/2
   399 | D:1      | Reached XP level 3. HP: 23/23 MP: 3/3
   761 | D:2      | Reached ** piety under Trog
  1202 | D:2      | Reached XP level 4. HP: 28/28 MP: 4/4
  1676 | D:3      | Reached XP level 5. HP: 33/33 MP: 5/5
  1686 | D:3      | Noticed a black bear
  1716 | D:3      | Killed a black bear
  1717 | D:3      | Reached XP level 6. HP: 38/38 MP: 6/6
  1804 | D:3      | Found a runed translucent door.
  1804 | D:3      | Noticed Nedac819's ghost (weakling DgFi)
  1857 | D:3      | Killed Nedac819's ghost
  2637 | D:4      | Found a sand-covered staircase.
  2642 | Ossuary  | Entered an ossuary
  2706 | Ossuary  | Reached *** piety under Trog
  2757 | Ossuary  | Slain by a mummy

Illustrated notes

Levels and vault maps discovered:
D:1:      wheals_arrival_linesprint, layout_loops_ring, minmay_box_of_dots
D:2:      layout_loops_ring
D:3:      layout_basic, hellmonk_ghost_happy_afterlife, glass_columns_a,
          minmay_misc_feat_x, minmay_divided_ellipse
D:4:      wad_woods_stonehenge, layout_basic, elyvilon_altar_5,
          okawaru_metal_pillars_1_2, jmf_multi_god_temple, enter_ossuary_5,
          kennysheep_path_1, st_stairs_3, uniq_robin, uniq_natasha
Ossuary:  ossuary_due_small_catacomb

Skill      XL: |  1  2  3  4  5 |
---------------+----------------+-----
Armour         | 3 4 |  4.8
Dodging        | 2 |  2.6
Maces & Flails | 4 |  4.9
Fighting       | 4 |  4.3

Action                     |  1- 3 |  4- 6 || total
---------------------------+-------+-------++-------
  Melee: Mace              |   125 |   225 ||   350
         Punch             |       |     1 ||     1
 Invoke: Berserk           |       |     1 ||     1
    Use: Scroll            |       |     1 ||     1
   Stab: Distracted        |     1 |       ||     1
 Armour: Animal skin       |    54 |       ||    54
         Leather armour    |    26 |   135 ||   161
  Dodge: Dodged            |   110 |   148 ||   258
